NCAA
TEXAS LONGHORNS @ TENNESSEE VOLUNTEERS
05/04/2026
 
TOP OF THE 1ST
Texas Longhorns batting - Pitching for Tennessee Volunteers : LHP Matt Hull
Pitching: LHP Matt Hull
Batting: SHB Randy Anderson 0-0: Called Strike
0-1: Swinging Strike
0-2: Ball
1-2: Ball
2-2: Strikes out swinging
Batting: RHB Joe Maynard 0-0: Ball
1-0: Called Strike
1-1: Swinging Strike
1-2: Ball
2-2: Ball
3-2: Strikes out swinging
Batting: RHB Joe Rogers 0-0: Ball
1-0: Called Strike
1-1: Ball
2-1: Ball
3-1: Ground out 6-3 (Groundball, 6)
Top of the 1st over - 0 run(s), 0 hit(s), 0 error(s), 0 left on base; Texas 0 - Tennessee 0
BOTTOM OF THE 1ST
Tennessee Volunteers batting - Pitching for Texas Longhorns : RHP Danny Clayton
Pitching: RHP Danny Clayton
Batting: RHB John Jones 0-0: Called Strike
0-1: Foul Ball, location: 2F
0-2: Ball
1-2: Hit by Pitch
Batting: RHB Kevin Manning 0-0: Called Strike
0-1: Swinging Strike
0-2: Ball
1-2: SINGLE (Flyball, 9LS)
John Jones to second
Runner from 2nd tries for 3rd, SAFE, no throw or cutoff
Batting: RHB Travis Colbert 0-0: Ball
1-0: Foul Ball, location: 2F
1-1: Ball
2-1: Foul Ball, location: 2F
2-2: Strikes out looking
Batting: RHB Tanner Albert 0-0: Ball
1-0: Called Strike
1-1: Fly out, F9 (Flyball, 9D)
Runner from 3rd tags up, SCORES, no throw
Batting: LHB Bernardo Morales 0-0: Swinging Strike
0-1: Swinging Strike
0-2: Strikes out swinging
Bottom of the 1st over - 1 run(s), 1 hit(s), 0 error(s), 1 left on base; Texas 0 - Tennessee 1
TOP OF THE 2ND
Texas Longhorns batting - Pitching for Tennessee Volunteers : LHP Matt Hull
Batting: SHB Ángel González 0-0: Swinging Strike
0-1: Ball
1-1: Foul Ball, location: 2F
1-2: Ball
2-2: Strikes out swinging
Batting: RHB José Wills 0-0: Ball
1-0: SINGLE (Groundball, 56D)
Batting: RHB Edmond Magee 0-0: Called Strike
0-1: Ball
1-1: Fly out, F4 (Popup, 4)
Batting: LHB Arlen Powers 0-0: Swinging Strike
0-1: Ball
1-1: Ball
2-1: Foul Ball, location: 2F
2-2: Ball
3-2: Strikes out looking
Top of the 2nd over - 0 run(s), 1 hit(s), 0 error(s), 1 left on base; Texas 0 - Tennessee 1
BOTTOM OF THE 2ND
Tennessee Volunteers batting - Pitching for Texas Longhorns : RHP Danny Clayton
Batting: RHB Mike Alexander 0-0: Fly out, F4 (Popup, 4)
Batting: LHB Vernon Hill 0-0: Ball
1-0: Called Strike
1-1: Ball
2-1: Ball
3-1: Swinging Strike
3-2: Strikes out looking
Batting: RHB José Rosales 0-0: Ball
1-0: Ball
2-0: Ball
3-0: Called Strike
3-1: SOLO HOME RUN (Flyball, 7D), Distance : 367 ft
Batting: LHB Joe Storms 0-0: Swinging Strike
0-1: Ball
1-1: Fly out, F7 (Flyball, 78M)
Bottom of the 2nd over - 1 run(s), 1 hit(s), 0 error(s), 0 left on base; Texas 0 - Tennessee 2
TOP OF THE 3RD
Texas Longhorns batting - Pitching for Tennessee Volunteers : LHP Matt Hull
Batting: RHB Roberto Hernández 0-0: Called Strike
0-1: Ball
1-1: Swinging Strike
1-2: SINGLE (Line Drive, 4D)
Batting: LHB Dave Tucker 0-0: Ball
1-0: Ball
2-0: Ball
3-0: Base on Balls
Roberto Hernández to second
Batting: SHB Randy Anderson 0-0: Ball
1-0: Swinging Strike
1-1: Ball
2-1: Ball
3-1: Base on Balls
Roberto Hernández to third
Dave Tucker to second
Batting: RHB Joe Maynard 0-0: Ball
1-0: Ball
2-0: Called Strike
2-1: Swinging Strike
2-2: Strikes out swinging
Batting: RHB Joe Rogers 0-0: Ball
1-0: Foul Ball, location: 2F
1-1: Ball
2-1: Ball
3-1: Base on Balls
Roberto Hernández scores
Dave Tucker to third
Randy Anderson to second
Batting: SHB Ángel González 0-0: Swinging Strike
0-1: Called Strike
0-2: Ball
1-2: Ball
2-2: Foul Ball, location: 2F
2-2: Ball
3-2: Grounds into double play, 6-4-3 (Groundball, 6)
Top of the 3rd over - 1 run(s), 1 hit(s), 0 error(s), 2 left on base; Texas 1 - Tennessee 2
BOTTOM OF THE 3RD
Tennessee Volunteers batting - Pitching for Texas Longhorns : RHP Danny Clayton
Batting: RHB John Jones 0-0: Reached on error, E5 (Groundball, 5)
Batting: RHB Kevin Manning 0-0: Ball
1-0: Called Strike
1-1: Swinging Strike
1-2: SINGLE (Groundball, 4)
John Jones to second
John Jones to third
Batting: RHB Travis Colbert 0-0: Ball
1-0: Called Strike
1-1: Ball
2-1: DOUBLE (Line Drive, 7LS)
John Jones scores
Kevin Manning to third
Batting: RHB Tanner Albert 0-0: Called Strike
0-1: Foul Ball, location: 2F
0-2: Ball
1-2: Ball
2-2: Foul Ball, location: 2F
2-2: Foul Ball, location: 2F
2-2: Strikes out swinging
Batting: LHB Bernardo Morales 0-0: Swinging Strike
0-1: Ball
1-1: Called Strike
1-2: Ball
2-2: Foul Ball, location: 2F
2-2: Foul Ball, location: 2F
2-2: Strikes out swinging
Batting: RHB Mike Alexander 0-0: Ball
1-0: Ball
2-0: Foul Ball, location: 2F
2-1: Called Strike
2-2: Strikes out swinging
Bottom of the 3rd over - 1 run(s), 2 hit(s), 1 error(s), 2 left on base; Texas 1 - Tennessee 3
TOP OF THE 4TH
Texas Longhorns batting - Pitching for Tennessee Volunteers : LHP Matt Hull
Batting: RHB José Wills 0-0: Ball
1-0: Called Strike
1-1: Foul Ball, location: 2F
1-2: Ball
2-2: Ball
3-2: Foul Ball, location: 2F
3-2: Foul Ball, location: 2F
3-2: Strikes out swinging
Batting: RHB Edmond Magee 0-0: Foul Ball, location: 2F
0-1: Called Strike
0-2: Strikes out swinging
Batting: LHB Arlen Powers 0-0: Called Strike
0-1: Swinging Strike
0-2: Fly out, F8 (Flyball, 8LS)
Top of the 4th over - 0 run(s), 0 hit(s), 0 error(s), 0 left on base; Texas 1 - Tennessee 3
BOTTOM OF THE 4TH
Tennessee Volunteers batting - Pitching for Texas Longhorns : RHP Danny Clayton
Batting: LHB Vernon Hill 0-0: Called Strike
0-1: Ball
1-1: Foul Ball, location: 2F
1-2: Ball
2-2: Foul Ball, location: 2F
2-2: Ground out 6-3 (Groundball, 6M)
Batting: RHB José Rosales 0-0: Called Strike
0-1: Fly out, F4 (Popup, 4MS)
Batting: LHB Joe Storms 0-0: Called Strike
0-1: Foul Ball, location: 2F
0-2: Foul Ball, location: 2F
0-2: Ball
1-2: Strikes out swinging
Bottom of the 4th over - 0 run(s), 0 hit(s), 0 error(s), 0 left on base; Texas 1 - Tennessee 3
TOP OF THE 5TH
Texas Longhorns batting - Pitching for Tennessee Volunteers : LHP Matt Hull
Batting: RHB Roberto Hernández 0-0: Called Strike
0-1: Ball
1-1: Ball
2-1: Foul Ball, location: 2F
2-2: Ball
3-2: Foul Ball, location: 2F
3-2: Base on Balls
Pitching: RHP Alfonso Silva
Batting: LHB Dave Tucker 0-0: SINGLE (Groundball, 34D) (infield hit)
Roberto Hernández to second
Batting: SHB Randy Anderson 0-0: Fielders Choice at 2nd, U6 (Groundball, 6M)
Roberto Hernández to third
Batting: RHB Joe Maynard 0-0: Ball
1-0: SINGLE (Flyball, 89M)
Roberto Hernández scores
Randy Anderson to second
Runner from 2nd tries for 3rd, SAFE, throw made to third
Now in RF: Miguel Gómez
Batting: RHB Joe Rogers 0-0: Ball
1-0: Called Strike
1-1: Called Strike
1-2: Strikes out swinging
Batting: SHB Ángel González 0-0: Swinging Strike
0-1: Ball
1-1: Reached on Error, E9 (Flyball, 9D)
Randy Anderson scores
Joe Maynard to third
Batting: RHB José Wills 0-0: Ball
1-0: Ball
2-0: Ball
3-0: Base on Balls
Batting: RHB Edmond Magee 0-0: Called Strike
0-1: Fly out, F7 (Popup, 7S)
Top of the 5th over - 2 run(s), 2 hit(s), 1 error(s), 3 left on base; Texas 3 - Tennessee 3
BOTTOM OF THE 5TH
Tennessee Volunteers batting - Pitching for Texas Longhorns : RHP Danny Clayton
Batting: RHB John Jones 0-0: Called Strike
0-1: Swinging Strike
0-2: Strikes out swinging
Batting: RHB Kevin Manning 0-0: Ball
1-0: Ball
2-0: Ball
3-0: Called Strike
3-1: Foul Ball, location: 2F
3-2: Base on Balls
Pitching: RHP Keith Martínez
Batting: RHB Travis Colbert 0-0: Called Strike
0-1: Swinging Strike
0-2: Ball
1-2: Strikes out swinging
Batting: RHB Tanner Albert 0-0: Swinging Strike
0-1: Ball
1-1: Swinging Strike
1-2: Ball
2-2: Strikes out looking
Bottom of the 5th over - 0 run(s), 0 hit(s), 0 error(s), 1 left on base; Texas 3 - Tennessee 3
TOP OF THE 6TH
Texas Longhorns batting - Pitching for Tennessee Volunteers : RHP Alfonso Silva
Batting: LHB Arlen Powers 0-0: Ball
1-0: Ball
2-0: Fly out, F7 (Flyball, 78S)
Batting: RHB Roberto Hernández 0-0: Fly out, F7 (Flyball, 78M)
Batting: LHB Dave Tucker 0-0: Foul Ball, location: 2F
0-1: Ball
1-1: Ball
2-1: Ball
3-1: Base on Balls
Batting: SHB Randy Anderson 0-0: Ball
1-0: Fly out, F6 (Popup, 6)
Top of the 6th over - 0 run(s), 0 hit(s), 0 error(s), 1 left on base; Texas 3 - Tennessee 3
BOTTOM OF THE 6TH
Tennessee Volunteers batting - Pitching for Texas Longhorns : RHP Keith Martínez
Batting: LHB Bernardo Morales 0-0: SOLO HOME RUN (Flyball, 9D), Distance : 346 ft
Batting: RHB Mike Alexander 0-0: Ball
1-0: Swinging Strike
1-1: Called Strike
1-2: SINGLE (Groundball, 34D)
Batting: LHB Miguel Gómez 0-0: Fly out, F5 (Popup, 5F)
Batting: RHB José Rosales 0-0: Ball
Mike Alexander is caught stealing 2nd base
1-0: Called Strike
1-1: Ball
2-1: Foul Ball, location: 2F
2-2: DOUBLE (Groundball, 5L)
Batting: LHB Joe Storms 0-0: Swinging Strike
0-1: Ball
1-1: Ball
2-1: Foul Ball, location: 2F
2-2: Ball
3-2: Base on Balls
Batting: RHB John Jones 0-0: Ball
1-0: Foul Ball, location: 2F
1-1: Called Strike
1-2: Ball
2-2: Ball
3-2: Ground out 2-3 (Groundball, 25)
Bottom of the 6th over - 1 run(s), 3 hit(s), 0 error(s), 2 left on base; Texas 3 - Tennessee 4
TOP OF THE 7TH
Texas Longhorns batting - Pitching for Tennessee Volunteers : RHP Alfonso Silva
Pitching: RHP Danny Ramos
Batting: RHB Joe Maynard 0-0: Ball
1-0: Ball
2-0: Ground out 4-3 (Groundball, 4)
Batting: RHB Joe Rogers 0-0: Ball
1-0: Ball
2-0: Called Strike
2-1: Swinging Strike
2-2: Ground out 4-3 (Groundball, 4M)
Batting: SHB Ángel González 0-0: Ball
1-0: Ball
2-0: Ball
3-0: Base on Balls
Batting: RHB José Wills 0-0: Ball
1-0: Called Strike
1-1: Foul Ball, location: 2F
1-2: Ball
2-2: Foul Ball, location: 2F
2-2: Ball
3-2: Base on Balls
Ángel González to second
Batting: RHB Edmond Magee 0-0: Ball
1-0: Foul Ball, location: 2F
1-1: Ball
2-1: Ball
3-1: Base on Balls
Ángel González to third
José Wills to second
Batting: LHB Arlen Powers 0-0: Ball
1-0: Ball
2-0: Ball
3-0: Foul Ball, location: 2F
3-1: Hit by Pitch
Ángel González scores
José Wills to third
Edmond Magee to second
Batting: RHB Roberto Hernández 0-0: Called Strike
0-1: Ground out 6-3 (Groundball, 6)
Top of the 7th over - 1 run(s), 0 hit(s), 0 error(s), 3 left on base; Texas 4 - Tennessee 4
BOTTOM OF THE 7TH
Tennessee Volunteers batting - Pitching for Texas Longhorns : RHP Keith Martínez
Batting: RHB Kevin Manning 0-0: Ball
1-0: Ball
2-0: Ball
3-0: Base on Balls
Pitching: RHP Jack Thorpe
Batting: RHB Travis Colbert 0-0: Called Strike
0-1: Swinging Strike
0-2: Foul Ball, location: 2F
0-2: Foul Ball, location: 2F
0-2: Foul Ball, location: 2F
0-2: Strikes out swinging
Batting: RHB Tanner Albert 0-0: Ball
1-0: Called Strike
1-1: Ball
2-1: Ball
3-1: Called Strike
3-2: SINGLE (Line Drive, 4MD)
Kevin Manning to second
Batting: LHB Bernardo Morales 0-0: Ball
1-0: Ball
2-0: SINGLE (Groundball, 34D)
Kevin Manning to third
Tanner Albert to second
Batting: RHB Mike Alexander 0-0: Ball
1-0: Swinging Strike
1-1: Foul Ball, location: 2F
1-2: Strikes out looking
Pinch Hitting: RHB Dave Johnston 0-0: Ball
1-0: Ball
2-0: Ball
3-0: Base on Balls
Kevin Manning scores
Tanner Albert to third
Bernardo Morales to second
Batting: RHB José Rosales 0-0: Called Strike
0-1: Swinging Strike
0-2: Foul Ball, location: 2F
0-2: Fly out, F7 (Flyball, 7M)
Bottom of the 7th over - 1 run(s), 2 hit(s), 0 error(s), 3 left on base; Texas 4 - Tennessee 5
TOP OF THE 8TH
Texas Longhorns batting - Pitching for Tennessee Volunteers : RHP Danny Ramos
Pitching: LHP Robert Williams
Now at 2B: Dave Johnston
Batting: LHB Dave Tucker 0-0: Called Strike
0-1: Ball
1-1: Ball
2-1: Foul Ball, location: 2F
2-2: Foul Ball, location: 2F
2-2: Ball
3-2: Foul Ball, location: 2F
3-2: Base on Balls
Batting: SHB Randy Anderson 0-0: Sac Bunt - play at first, batter OUT! 1-4
Dave Tucker to second
Pitching: RHP Arthur Stewart
Batting: RHB Joe Maynard 0-0: Ball
1-0: Foul Ball, location: 2F
1-1: Ball
2-1: Ball
3-1: Base on Balls
Batting: RHB Joe Rogers 0-0: Called Strike
0-1: Ball
1-1: Ball
2-1: Swinging Strike
2-2: Strikes out looking
Pitching: LHP Orlando Rodríguez
Batting: SHB Ángel González 0-0: Called Strike
0-1: Swinging Strike
0-2: Ball
1-2: SINGLE (Line Drive, 8RS)
Dave Tucker to third
Joe Maynard to second
Runner from 3rd tries for Home, SAFE, no throw or cutoff
Batting: RHB José Wills 0-0: Swinging Strike
0-1: Ball
1-1: Fly out, F8 (Flyball, 8RXD)
Top of the 8th over - 1 run(s), 1 hit(s), 0 error(s), 2 left on base; Texas 5 - Tennessee 5
BOTTOM OF THE 8TH
Tennessee Volunteers batting - Pitching for Texas Longhorns : RHP Jack Thorpe
Batting: LHB Joe Storms 0-0: Ball
1-0: Called Strike
1-1: Ball
2-1: Foul Ball, location: 2F
2-2: Foul Ball, location: 2F
2-2: Ball
3-2: Fly out, F9 (Flyball, 9M)
Batting: RHB John Jones 0-0: Ball
1-0: Fly out, F3 (Popup, 3SF)
Batting: RHB Kevin Manning 0-0: Ball
1-0: Ball
2-0: Foul Ball, location: 2F
2-1: Ball
3-1: Base on Balls
Batting: RHB Travis Colbert 0-0: Called Strike
0-1: Called Strike
0-2: Ball
1-2: Strikes out swinging
Bottom of the 8th over - 0 run(s), 0 hit(s), 0 error(s), 1 left on base; Texas 5 - Tennessee 5
TOP OF THE 9TH
Texas Longhorns batting - Pitching for Tennessee Volunteers : LHP Orlando Rodríguez
Pitching: RHP Morgan Fox
Batting: RHB Edmond Magee 0-0: Swinging Strike
0-1: Ground out 6-3 (Groundball, 6)
Batting: LHB Arlen Powers 0-0: Foul Ball, location: 2F
0-1: Ball
1-1: SOLO HOME RUN (Line Drive, 9D), Distance : 353 ft
Batting: RHB Roberto Hernández 0-0: Ball
1-0: Fly out, F4 (Line Drive, 4)
Batting: LHB Dave Tucker 0-0: Called Strike
0-1: Ball
1-1: Ground out 4-3 (Groundball, 4)
Top of the 9th over - 1 run(s), 1 hit(s), 0 error(s), 0 left on base; Texas 6 - Tennessee 5
BOTTOM OF THE 9TH
Tennessee Volunteers batting - Pitching for Texas Longhorns : RHP Jack Thorpe
Pitching: LHP John Case
Now at 1B: John Burton
Batting: RHB Tanner Albert 0-0: Ball
1-0: Foul Ball, location: 2F
1-1: Foul Ball, location: 2F
1-2: Foul Ball, location: 2F
1-2: Strikes out swinging
Batting: LHB Bernardo Morales 0-0: Ball
1-0: Ball
2-0: Ball
3-0: Called Strike
3-1: Reached on error, E3 (Groundball, 3L)
Batting: RHB Mike Alexander 0-0: Ball
Wild Pitch!
Bernardo Morales to second
1-0: Ball
2-0: Called Strike
2-1: Ground out 5-3 (Groundball, 56S)
Bernardo Morales to third
Batting: RHB Dave Johnston 0-0: SINGLE (Groundball, 6M) (infield hit)
Bernardo Morales scores
Batting: RHB José Rosales 0-0: Called Strike
0-1: Called Strike
0-2: Strikes out swinging
Bottom of the 9th over - 1 run(s), 1 hit(s), 1 error(s), 1 left on base; Texas 6 - Tennessee 6
TOP OF THE 10TH
Texas Longhorns batting - Pitching for Tennessee Volunteers : RHP Morgan Fox
Batting: RHB John Burton 0-0: Ball
1-0: Foul Ball, location: 2F
1-1: Ball
2-1: Foul Ball, location: 2F
2-2: Ball
3-2: Strikes out swinging
Batting: RHB Joe Maynard 0-0: Called Strike
0-1: Swinging Strike
0-2: Strikes out looking
Batting: RHB Joe Rogers 0-0: Foul Ball, location: 2F
0-1: SINGLE (Line Drive, 8LS)
Batting: SHB Ángel González 0-0: Called Strike
0-1: Ball
1-1: Called Strike
1-2: Ball
2-2: Ball
3-2: SINGLE (Groundball, 34)
Joe Rogers to second
Joe Rogers to third
Batting: RHB José Wills 0-0: 3-RUN HOME RUN (Flyball, 7D), Distance : 347 ft
Batting: RHB Edmond Magee 0-0: Ball
1-0: Called Strike
1-1: Fly out, F7 (Line Drive, 7M)
Top of the 10th over - 3 run(s), 3 hit(s), 0 error(s), 0 left on base; Texas 9 - Tennessee 6
BOTTOM OF THE 10TH
Tennessee Volunteers batting - Pitching for Texas Longhorns : LHP John Case
Batting: LHB Joe Storms 0-0: Foul Ball, location: 2F
0-1: Ball
1-1: Swinging Strike
1-2: Foul Ball, location: 2F
1-2: Ball
2-2: Strikes out swinging
Batting: RHB John Jones 0-0: Swinging Strike
0-1: SINGLE (Line Drive, 7LS)
Batting: RHB Kevin Manning 0-0: Ball
1-0: Foul Ball, location: 2F
1-1: Ball
2-1: DOUBLE (Groundball, 5L)
John Jones to third
Runner from 3rd tries for Home, SAFE, no throw or cutoff
Batting: RHB Travis Colbert 0-0: Ball
1-0: Foul Ball, location: 2F
1-1: Ball
2-1: Foul Ball, location: 2F
2-2: Foul Ball, location: 2F
2-2: SINGLE (Line Drive, 89S)
Kevin Manning to third
Batting: RHB Tanner Albert 0-0: Ball
1-0: Ball
2-0: Called Strike
2-1: Ball
3-1: SINGLE (Groundball, 6)
Kevin Manning scores
Travis Colbert to second
Pitching: RHP Alfonso Olivares
Batting: LHB Bernardo Morales 0-0: Ball
1-0: Ball
2-0: Ball
3-0: Base on Balls
Travis Colbert to third
Tanner Albert to second
Batting: RHB Mike Alexander 0-0: Ball
1-0: Swinging Strike
1-1: Ball
2-1: Called Strike
2-2: Grounds into fielders choice 6-2 (Groundball, 6)
Tanner Albert to third
Bernardo Morales to second
Batting: RHB Dave Johnston 0-0: Ball
1-0: Called Strike
1-1: Foul Ball, location: 2F
1-2: Ball
2-2: Foul Ball, location: 2F
2-2: SINGLE (Groundball, 56)
Tanner Albert scores
Bernardo Morales to third
Mike Alexander to second
Runner from 3rd tries for Home, SAFE, no throw or cutoff
Monday, December 5th, 2016 - OOTP Baseball 17.12 Build 75